Map: Ulrena

Players

Soundwave - Winner!

  • Race: Zerg Zerg

A.I. 1 (Harder)

  • Race: Zerg Zerg

VOD

Have the link to the VOD?

Description

Time

  • Played on: Nov. 15, 2015, 2:05 p.m.
  • Length: 16:24
Show
View Real Time Build Order
Export as new Build Order

Soundwave Zerg - Winner!

Build Orders: Hatch First, Lurkers 

Get SALT Encoding   

  12  0:06  Drone  
  13  0:09  Drone  
  14  0:17  Overlord  
  14  0:38  Drone  
  15  0:55  Hatchery  
  14  1:03  Spawning Pool  
  13  1:15  Drone x3  
  16  1:30  Drone  
  17  1:37  Overlord  
  17  1:47  Drone  
  17  1:51  Queen  
  20  1:57  Extractor  
  19  2:10  Queen  
  21  2:20  Hatchery  
  20  2:25  Overlord  
  20  2:35  Drone x2  
  20  2:36  Drone x3  
  25  2:46  Drone  
  25  2:49  Drone x2  
  28  2:56  Queen  
  30  3:08  Drone  
  31  3:14  Extractor  
  30  3:21  Metabolic Boost  
  30  3:32  Queen  
  32  3:52  Drone x3  
  32  3:53  Drone x7  
  42  3:55  Overlord  
  42  3:56  Overlord  
  42  4:09  Lair  
  42  4:24  Spine Crawler  
  42  4:25  Spine Crawler  
  40  4:31  Drone  
  40  4:32  Drone x6  
  40  4:33  Drone  
  48  4:38  Spore Crawler  
  47  4:49  Drone x4  
  47  4:51  Evolution Chamber  
  50  4:53  Evolution Chamber  
  49  5:02  Spore Crawler  
  48  5:10  Hydralisk Den  
  47  5:15  Infestation Pit  
  46  5:30  Spore Crawler  
  46  5:33  Drone  
  46  5:34  Drone x6  
  46  5:35  Drone x7, Spore Crawler  
  58  5:43  Muscular Augments  
  58  5:50  Spire  
  58  5:54  Overlord x2  
  58  5:56  Overseer  
  57  6:12  Queen  
  59  6:18  Extractor  
  59  6:20  Extractor  
  59  6:22  Drone x3  
  59  6:24  Drone x3  
  63  6:28  Hydralisk x3  
  63  6:29  Hydralisk x2  
  68  6:48  Swarm Host  
  68  6:52  Zergling x6  
  74  6:56  Overlord x6  
  74  6:57  Overlord x3  
  66  7:04  Mutalisk  
  66  7:05  Mutalisk  
  66  7:17  Zergling x4  
  66  7:18  Zergling x14  
  66  7:19  Zergling x2  
  71  7:36  Zergling x8  
  74  7:43  Queen  
  69  7:46  Queen  
  64  7:59  Hydralisk x3  
  64  8:00  Hydralisk x5  
  76  8:14  Mutalisk  
  76  8:15  Mutalisk x2  
  82  8:22  Queen  
  84  8:27  Hydralisk x3  
  90  8:40  Hatchery  
  89  8:50  Zerg Melee Weapons Level 1  
  89  8:53  Zerg Ground Armor Level 1  
  89  9:15  Spine Crawler  
  89  9:16  Spine Crawler  
  87  9:17  Spine Crawler  
  86  9:25  Hive  
  86  9:31  Lurker Den  
  86  9:49  Roach Warren  
  85  10:08  Burrow  
  94  10:39  Hydralisk  
  94  10:40  Hydralisk x6  
  94  10:41  Hydralisk  
  113  11:06  Zergling x2  
  113  11:07  Zergling x12  
  113  11:08  Zergling x10  
  125  11:25  Drone x3  
  126  11:26  Extractor  
  126  11:27  Extractor  
  126  11:48  Ultralisk Cavern  
  125  11:57  Corruptor x3  
  110  12:24  Hydralisk  
  110  12:25  Hydralisk x7  
  110  12:26  Hydralisk  
  110  12:28  Zergling x14  
  110  12:29  Zergling x8  
  133  12:34  Lurker  
  132  12:57  Hydralisk x2  
  132  12:58  Hydralisk x2  
  134  13:01  Overlord x2  
  134  13:02  Overlord x3  
  135  13:20  Ultralisk  
  135  13:21  Ultralisk  
  135  13:23  Ultralisk  
  153  13:29  Queen  
  153  13:31  Queen  
  155  13:39  Hydralisk x5  
  163  14:30  Lurker  
  163  14:31  Lurker x4  
  167  14:32  Lurker x3  
  167  14:35  Zergling x6  
  167  14:36  Zergling x6  
  177  14:40  Overlord x6  
  177  14:41  Overlord x4  
  177  15:37  Mutalisk, Hydralisk x3  
  177  15:38  Hydralisk x5  
  194  16:11  Extractor  
  194  16:14  Hatchery, Extractor  
Show
View Real Time Build Order
Export as new Build Order

A.I. 1 (Harder) Zerg 

Build Orders: Pool First, Muta Ling Bane 

Get SALT Encoding   

  12  0:00  Drone  
  13  0:12  Overlord  
  13  0:17  Drone  
  14  0:30  Drone x2  
  16  0:43  Spawning Pool  
  16  0:45  Drone  
  16  0:49  Drone  
  17  0:52  Extractor  
  17  0:55  Drone  
  17  1:06  Overlord  
  17  1:31  Zergling x2, Queen  
  20  1:37  Roach Warren  
  20  1:38  Drone  
  20  1:39  Zergling x2  
  21  1:44  Extractor  
  20  1:49  Drone  
  21  1:59  Drone  
  22  2:12  Drone  
  23  2:21  Overlord  
  23  2:32  Drone  
  24  2:37  Roach  
  24  2:43  Overlord  
  26  2:46  Roach  
  28  2:55  Roach  
  30  3:03  Roach  
  32  3:08  Overlord  
  32  3:12  Roach  
  34  3:20  Roach  
  36  3:29  Roach  
  38  3:36  Overlord  
  38  3:37  Roach  
  40  3:46  Roach  
  42  3:53  Drone  
  42  3:55  Roach  
  45  3:58  Drone  
  46  4:04  Drone  
  47  4:12  Overlord  
  47  4:13  Drone, Roach  
  47  4:17  Drone  
  51  4:27  Drone  
  51  4:28  Baneling Nest  
  51  4:37  Evolution Chamber, Drone  
  51  4:45  Drone, Roach  
  54  4:53  Roach  
  56  5:02  Roach  
  58  6:08  Overlord, Baneling  
  58  6:09  Burrow, Zerg Melee Weapons Level 1  
  58  6:15  Zergling x2  
  59  6:18  Hatchery  
  59  6:21  Zergling x2  
  59  6:28  Zergling x2  
  59  6:34  Zergling x2  
  58  6:41  Zergling x2, Baneling x2  
  59  6:48  Baneling  
  59  6:55  Zergling x2  
  59  7:06  Metabolic Boost  
  56  7:21  Lair  
  56  7:31  Drone x3  
  56  7:32  Drone x4  
  56  7:33  Drone x4  
  67  7:40  Drone, Overlord  
  67  7:42  Extractor  
  65  7:45  Roach  
  65  7:50  Drone  
  64  7:51  Drone  
  64  7:55  Drone  
  64  7:56  Drone  
  65  7:58  Drone  
  65  8:02  Drone  
  65  8:03  Zerg Ground Armor Level 1  
  65  8:05  Drone  
  66  8:13  Drone x2  
  66  8:19  Spire  
  59  8:20  Centrifical Hooks  
  59  8:23  Drone  
  54  8:28  Drone, Extractor  
  52  8:37  Spore Crawler  
  52  8:39  Spore Crawler  
  50  8:41  Spore Crawler  
  50  8:42  Drone  
  50  8:46  Spore Crawler  
  50  8:47  Drone  
  50  8:50  Drone x3  
  53  8:58  Queen  
  55  9:03  Infestation Pit  
  55  9:04  Drone  
  55  9:17  Spine Crawler  
  55  9:22  Spine Crawler  
  53  9:25  Spine Crawler  
  53  9:27  Drone, Overseer  
  53  9:31  Mutalisk, Spine Crawler, Drone  
  53  9:37  Mutalisk, Overseer, Queen  
  59  9:42  Hydralisk Den  
  59  9:43  Mutalisk  
  59  9:44  Drone  
  61  9:48  Evolution Chamber  
  61  9:49  Drone  
  61  9:50  Mutalisk  
  63  9:56  Mutalisk  
  63  9:57  Zerg Missile Weapons Level 1  
  63  9:58  Queen  
  65  10:03  Mutalisk  
  67  10:09  Mutalisk  
  69  10:15  Hive  
  69  10:16  Mutalisk  
  69  10:19  Pneumatized Carapace  
  71  10:22  Drone x4  
  71  10:23  Corruptor  
  73  10:30  Corruptor  
  73  10:31  Overseer  
  75  10:37  Hatchery  
  75  10:39  Mutalisk  
  76  10:49  Mutalisk  
  78  10:58  Corruptor  
  78  10:59  Overlord  
  80  11:07  Corruptor  
  82  11:26  Viper  
  82  11:27  Viper  
  88  11:36  Zerg Flyer Weapons Level 1  
  88  11:42  Overlord, Overseer  
  88  11:49  Drone  
  88  11:50  Drone x3, Queen  
  88  11:51  Drone x3  
  97  12:00  Overlord, Drone  
  97  12:01  Drone x3  
  99  12:02  Drone x4  
  99  12:03  Drone, Extractor  
  99  12:05  Spore Crawler, Drone  
  105  12:10  Spore Crawler, Drone  
  103  12:16  Drone  
  103  12:17  Drone  
  103  12:18  Drone  
  103  12:20  Mutalisk  
  96  12:27  Drone x2  
  84  12:31  Mutalisk  
  84  12:35  Extractor  
  73  12:38  Mutalisk  
  70  12:45  Mutalisk  
  70  12:52  Mutalisk  
  61  13:00  Corruptor  
  61  13:04  Lair  
  61  13:05  Zergling x8  
  53  13:06  Zergling x4  
  53  13:09  Drone x3  
  53  13:10  Drone  
  43  13:13  Hatchery  
  27  13:36  Overseer  
  26  13:43  Mutalisk  
  28  13:54  Mutalisk  
  30  14:00  Drone  
  30  14:05  Drone  
  30  14:07  Drone  
  31  14:10  Drone  
  32  14:19  Hydralisk  
  32  14:28  Hydralisk  
  30  14:35  Drone  
  26  14:39  Hatchery  
  26  14:40  Drone  
  24  14:45  Drone  
  24  14:50  Drone  
  25  14:56  Drone  
  23  15:00  Drone  
  23  15:05  Drone  
  19  15:10  Drone  
  18  15:15  Drone  
  18  15:20  Drone  
  17  15:25  Drone  
  15  15:30  Drone  
  14  15:36  Drone  
  14  15:44  Drone  
  14  15:45  Drone x3  
  14  15:46  Drone  
Tags
 
Add a new tag
Caveats
  • Supply blocks, unpowered buildings, or Contaminate may cause inaccurate times.
  • Supply counts are checked every 10 seconds.